AoeStats
← 西门大官人

Nomad

510250197Analyzed
4v4 RM · 2d ago on Sep 30, 2026· 23m 42s· 8 players
Game mode
Random Map
Map size
231×231
Population
200
Speed
Normal
Resources
Standard
Victory
Conquest
Starting age
Dark Age
Ending age
Imperial Age
RankedLock teamsTeams togetherTeam positionsShared explorationLock speedFull tech treeHidden civsTurbo modeCheats
Victory
Defeat
🇨🇳 Vietnamese · China
1396
+16
🇨🇳 Persians · China
1394
+16
🇺🇸 Saxons · United States
1365
+17
🇨🇦 Dravidians · Canada
1333
+19
🇲🇽 Danes · Mexico
1495
-21
🇲🇽 Varangians · Mexico
1381
-16
🇨🇴 Koreans · Colombia
1364
-16
🇲🇽 Vietnamese · Mexico
1350
-15
Maverick
5:18 Loom
6:03 Loom
12:41 Feudal Age
16:34 Castle Age
16:45 Fletching
19:14 Bodkin Arrow
SometimesUnlucky
4:44 Loom
13:44 Feudal Age
14:32 Double-Bit Axe
15:03 Gold Mining
16:14 Fishing Lines
19:22 Castle Age
18:25 Stone Mining
20:19 Medium Warships
20:21 Gillnets
21:20 Bow Saw
22:22 Wheelbarrow
23:09 Man-at-Arms
23:34 Gambesons
棉花糖
10:37 Loom
12:58 Feudal Age
13:23 Town Watch
13:50 Double-Bit Axe
15:46 Forging
20:19 Castle Age
西门大官人
4:30 Loom
13:03 Feudal Age
14:29 Wheelbarrow
13:41 Double-Bit Axe
18:02 Castle Age
16:27 Stone Mining
19:52 Hand Cart
19:22 Horse Collar
24:00 Town Watch
24:26 Bow Saw
24:18 Heavy Plow
24:10 Gold Mining
[A2PL]JUANDDCAB
5:16 Loom
15:06 Feudal Age
19:50 Castle Age
17:45 Double-Bit Axe
DiegoAzul10
11:50 Loom
13:36 Feudal Age
17:53 Castle Age
16:30 Double-Bit Axe
16:37 Gold Mining
19:46 Medium Warships
19:37 Fletching
21:45 Horse Collar
[A2PL]Jdbcervantes
5:31 Loom
12:49 Feudal Age
18:20 Castle Age
17:34 Stone Mining
19:17 Gold Mining
19:47 Crossbowman
21:03 Fletching
21:35 Horse Collar
[A2PL] ThaNaThoS
4:31 Loom
12:26 Feudal Age
14:27 Fletching
23:11 Castle Age
21:37 Double-Bit Axe
21:34 Horse Collar
Connection lost

Rejoining the realm…

Still unreachable

The connection could not be restored.

Session expired

The server has moved on; the page needs a fresh start.